 Dungeon Crawl Stone Soup version 0.23.2 (webtiles) character file.

Game seed: 15618075848859445955

16 dvd the Sneak (level 2, 0/13 HPs)
             Began as a Vine Stalker Enchanter on Apr 8, 2019.
             Slain by a hobgoblin
             ... wielding a +0 club
              (3 damage)
             ... on level 1 of the Dungeon.
             The game lasted 00:01:26 (604 turns).

dvd the Sneak (Vine Stalker Enchanter)               Turns: 604, Time: 00:01:27

Health: 0/13       AC:  2    Str: 13    XL:     2   Next: 54%
Magic:  0/6        EV: 12    Int: 15    God:
Gold:   36         SH:  0    Dex: 14    Spells: 2/5 levels left

rFire    . . .     SeeInvis .   a - +1 dagger
rCold    . . .     Gourm    .   (no shield)
rNeg     . . .     Faith    .   b - +0 robe
rPois    .         Spirit   +   (no helmet)
rElec    .         Reflect  .   (no cloak)
rCorr    .         Harm     .   (no gloves)
MR       .....                  (no boots)
Stlth    +++.......             (no amulet)
HPRegen  0.04/turn              e - +3 ring of strength
MPRegen  0.10/turn              (no ring)

@: no status effects
A: fangs 2, magic shield, antimagic bite, no potion heal 3, rot immunity
a: no special abilities


You were on level 1 of the Dungeon.
You were not hungry.

You visited 1 branch of the dungeon, and saw 1 of its levels.

You collected 36 gold pieces.

Inventory:

Hand Weapons
 a - a +1 dagger (weapon)
Armour
 b - a +0 robe (worn)
Jewellery
 e - a +3 ring of strength (left hand)
Potions
 c - a potion of ambrosia {unknown}
 g - a potion of heal wounds {unknown}
Comestibles
 d - 3 rations
 f - 5 chunks of flesh


   Skills:
 + Level 0.8 Short Blades
 + Level 1.7 Dodging
 + Level 4.0 Stealth
 + Level 2.4 Spellcasting
 + Level 3.3 Hexes


You had 2 spell levels left.
You knew the following spells:

 Your Spells              Type           Power        Failure   Level  Hunger
a - Corona                Hex            ##.....      5%          1    #......
b - Ensorcelled Hibernat  Hex/Ice        #.....       16%         2    ###....

Your spell library contained the following spells:

 Spells                   Type           Power        Failure   Level  Hunger
 Confuse                  Hex            ##......     16%         3    ###....
 Tukima's Dance           Hex            ##......     16%         3    ###....
 Dazzling Spray           Conj/Hex       #.....       32%         3    ###....


Dungeon Overview and Level Annotations

Branches:
Dungeon (1/15)

Altars:


Innate Abilities, Weirdness & Mutations

You have extremely sharp teeth.
When hurt, damage is shared between your health and your magic reserves.
Your bite disrupts and absorbs the magic of your enemies.
Potions cannot restore your health.
You are immune to rotting.


Message History

Your Stealth skill increases to level 4!
You hit the hobgoblin but do no damage. Your bite misses the hobgoblin.
You hit the hobgoblin but do no damage.
You bite the hobgoblin, but do no damage.
The hobgoblin hits you with a +0 club.
You hit the hobgoblin but do no damage. The hobgoblin closely misses you.
You barely miss the hobgoblin. The hobgoblin hits you with a +0 club.
* * * LOW HITPOINT WARNING * * *
A bat comes into view.
Casting: Ensorcelled Hibernation (safe; 16% risk of failure)
Confirm with . or Enter, or press ? or * to list all spells.
Aiming: Ensorcelled Hibernation (safe; 16% risk of failure)
Press: ? - help, Shift-Dir - straight line, f - hobgoblin
Aim: a hobgoblin, wielding a +0 club (chance to defeat MR: 55%)
The hobgoblin resists with significant effort.
The bat closely misses you. The hobgoblin barely misses you.
You hit the bat.
You kill the bat!
The hobgoblin hits you with a +0 club.
You die...

#. ####### #... #. .. #...(.#
#...#######. #.##.....#
#........... #........#
#........... .>.......?+
........... #.##......#
#........
.##......###############..).....
...........†..g@†......+........
##.#.##'################........
.........# ....... ####'####
##.##....######....... #...##
#.#.................. #....# .
#..................# #....##
#.....[............# #.....#
#..................# #...#.##
#..................# #...#..#


You could see a hobgoblin.

Vanquished Creatures
  A dart slug (D:1)
  A leopard gecko (D:1)
  A ball python (D:1)
  2 giant cockroaches (D:1)
  A goblin (D:1)
  A hobgoblin (D:1)
  2 bats (D:1)
  3 frilled lizards (D:1)
12 creatures vanquished.

Notes
Turn   | Place    | Note
-------+----------+-------------------------------------------
     0 | D:1      | dvd the Vine Stalker Enchanter began the quest for the Orb.
     0 | D:1      | Reached XP level 1. HP: 9/9 MP: 4/4
   387 | D:1      | Reached XP level 2. HP: 13/13 MP: 6/6
   409 | D:1      | Learned a level 2 spell: Ensorcelled Hibernation
   595 | D:1      | Reached skill level 4 in Stealth
   604 | D:1      | Slain by a hobgoblin

Skill      XL: |  1  2 |
---------------+-------+-----
Stealth        | 4 |  4.0
Short Blades   | |  0.8
Dodging        | |  1.7
Spellcasting   | |  2.4
Hexes          | |  3.3

Action                   || total
-------------------------++-------
Melee: Dagger            ||    30
       Bite              ||     9
 Cast: Corona            ||     4
       Ensorcelled Hiber ||     8
 Stab: Sleeping          ||     4
Armor: Robe              ||     5
Dodge: Dodged            ||    22
